TL
DALLAS-FORT WORTH RANGERS @ SAN ANTONIO MISSIONS
06/28/1982
 
TOP OF THE 1ST
Dallas-Fort Worth Rangers batting - Pitching for San Antonio Missions : RHP Carlos Gil
Pitching: RHP Carlos Gil
Batting: LHB Stan Levi 0-0: Ball
1-0: Foul Ball, location: 2F
1-1: Foul Ball, location: 2F
1-2: Ball
2-2: SINGLE (Groundball, 34S, EV 63.1 MPH) (infield hit)
Batting: SHB Eski Viltz 0-0: Ball
1-0: Ground out 4-3 (Groundball, 4S, EV 65.0 MPH)
Stan Levi to second
Batting: RHB Terry Lee 0-0: Called Strike
0-1: Ball
1-1: Swinging Strike
1-2: Strikes out swinging
Batting: LHB Sid Bream 0-0: Ground out U3 (Groundball, 3L, EV 85.0 MPH)
Top of the 1st over - 0 runs, 1 hit, 0 errors, 1 left on base; Dallas-Fort Worth 0 - San Antonio 0
BOTTOM OF THE 1ST
San Antonio Missions batting - Pitching for Dallas-Fort Worth Rangers : RHP Toru Hamaura
Pitching: RHP Toru Hamaura
Batting: RHB Ivan Calderon 0-0: Ball
1-0: Fly out, F8 (Flyball, 8RXD, EV 86.9 MPH)
Batting: RHB Amos Lewis 0-0: Called Strike
0-1: Ball
1-1: Called Strike
1-2: Foul Ball, location: 2F
1-2: Ball
2-2: Foul Ball, location: 2F
2-2: Strikes out swinging
Batting: RHB Ed Hearn 0-0: Called Strike
0-1: SINGLE (Line Drive, 6D, EV 98.1 MPH)
Batting: RHB Larry Hamilton 0-0: Called Strike
0-1: Ball
1-1: Ball
2-1: Ball
3-1: Foul Ball, location: 2F
3-2: Base on Balls
Ed Hearn to second
Batting: LHB Lee Pruitt 0-0: Ball
1-0: Ground out 3-1 (Groundball, 34, EV 96.3 MPH)
Bottom of the 1st over - 0 runs, 1 hit, 0 errors, 2 left on base; Dallas-Fort Worth 0 - San Antonio 0
TOP OF THE 2ND
Dallas-Fort Worth Rangers batting - Pitching for San Antonio Missions : RHP Carlos Gil
Batting: RHB Dave Aponte 0-0: Ball
1-0: Foul Ball, location: 2F
1-1: Ball
2-1: Foul Ball, location: 2F
2-2: Fly out, F8 (Flyball, 8RXD, EV 100.0 MPH)
Batting: LHB Garcia Gutierrez 0-0: Called Strike
0-1: Ball
1-1: DOUBLE (Line Drive, 7LS, EV 106.9 MPH)
Batting: LHB Mo Ching 0-0: Foul Ball, location: 2F
0-1: Ball
1-1: Foul Ball, location: 2F
1-2: Ball
2-2: Foul Ball, location: 2F
2-2: Ball
3-2: Strikes out looking
Batting: LHB Daryl Fazzio 0-0: Ball
1-0: Foul Ball, location: 2F
1-1: Ball
2-1: Ball
3-1: Called Strike
3-2: Base on Balls
Batting: RHB Ross Jones 0-0: Ground out U3 (Groundball, 3, EV 88.1 MPH)
Top of the 2nd over - 0 runs, 1 hit, 0 errors, 2 left on base; Dallas-Fort Worth 0 - San Antonio 0
BOTTOM OF THE 2ND
San Antonio Missions batting - Pitching for Dallas-Fort Worth Rangers : RHP Toru Hamaura
Batting: RHB Jack Clark 0-0: Called Strike
0-1: Called Strike
0-2: Foul Ball, location: 2F
0-2: Ball
1-2: Strikes out swinging
Batting: LHB Jerold Johnston 0-0: Ball
1-0: Ball
2-0: Ball
3-0: Called Strike
3-1: SOLO HOME RUN (Flyball, 9D, EV 108.8 MPH), Distance : 393 ft
Batting: LHB Matt Nokes 0-0: Foul Ball, location: 2F
0-1: Ball
1-1: Ground out 6-3 (Groundball, 4MS, EV 81.9 MPH)
Batting: RHB Archie Amerson 0-0: Foul Ball, location: 2F
0-1: Foul Ball, location: 2F
0-2: Strikes out swinging
Bottom of the 2nd over - 1 run, 1 hit, 0 errors, 0 left on base; Dallas-Fort Worth 0 - San Antonio 1
TOP OF THE 3RD
Dallas-Fort Worth Rangers batting - Pitching for San Antonio Missions : RHP Carlos Gil
Batting: LHB Stan Levi 0-0: Called Strike
0-1: Swinging Strike
0-2: Strikes out swinging
Batting: SHB Eski Viltz 0-0: Ball
1-0: Ground out U3 (Groundball, 34, EV 89.4 MPH)
Batting: RHB Terry Lee 0-0: Called Strike
0-1: Ball
1-1: SOLO HOME RUN (Flyball, 7D, EV 104.4 MPH), Distance : 358 ft
Batting: LHB Sid Bream 0-0: Ball
1-0: Foul Ball, location: 2F
1-1: Ball
2-1: SINGLE (Groundball, 4MD, EV 97.5 MPH)
Batting: RHB Dave Aponte 0-0: Called Strike
0-1: Called Strike
0-2: Ball
1-2: Ball
2-2: Strikes out swinging
Top of the 3rd over - 1 run, 2 hits, 0 errors, 1 left on base; Dallas-Fort Worth 1 - San Antonio 1
BOTTOM OF THE 3RD
San Antonio Missions batting - Pitching for Dallas-Fort Worth Rangers : RHP Toru Hamaura
Batting: RHB Ivan Calderon 0-0: Ground out U3 (Groundball, 3, EV 97.5 MPH)
Batting: RHB Amos Lewis 0-0: Fly out, F9 (Flyball, 9S, EV 87.5 MPH)
Batting: RHB Ed Hearn 0-0: Ball
1-0: SINGLE (Groundball, 56D, EV 100.6 MPH)
Batting: RHB Larry Hamilton 0-0: Ball
1-0: Ball
2-0: Foul Ball, location: 2F
2-1: Foul Ball, location: 2F
2-2: Foul Ball, location: 2F
2-2: Foul Ball, location: 2F
2-2: Foul Ball, location: 2F
2-2: Fly out, F1 (Line Drive, P, EV 76.9 MPH)
Bottom of the 3rd over - 0 runs, 1 hit, 0 errors, 1 left on base; Dallas-Fort Worth 1 - San Antonio 1
TOP OF THE 4TH
Dallas-Fort Worth Rangers batting - Pitching for San Antonio Missions : RHP Carlos Gil
Batting: LHB Garcia Gutierrez 0-0: Ball
1-0: Ball
2-0: Called Strike
2-1: Ball
3-1: Called Strike
3-2: Base on Balls
Batting: LHB Mo Ching 0-0: Ball
1-0: Foul Ball, location: 2F
1-1: Foul Ball, location: 2F
1-2: Ball
2-2: SINGLE (Groundball, 4D, EV 96.3 MPH)
Garcia Gutierrez to second
Runner from 2nd tries for 3rd, OUT! 8-5
Mo Ching to second
Batting: LHB Daryl Fazzio 0-0: Ball
1-0: Ball
2-0: Called Strike
2-1: Foul Ball, location: 2F
2-2: Strikes out swinging
Batting: RHB Ross Jones 0-0: Swinging Strike
0-1: Ball
1-1: Foul Ball, location: 2F
1-2: Strikes out swinging
Top of the 4th over - 0 runs, 1 hit, 0 errors, 1 left on base; Dallas-Fort Worth 1 - San Antonio 1
BOTTOM OF THE 4TH
San Antonio Missions batting - Pitching for Dallas-Fort Worth Rangers : RHP Toru Hamaura
Batting: LHB Lee Pruitt 0-0: Ball
1-0: Foul Ball, location: 2F
1-1: Ball
2-1: Ball
3-1: Foul Ball, location: 2F
3-2: Base on Balls
Batting: RHB Jack Clark 0-0: Ball
1-0: Called Strike
1-1: Called Strike
1-2: Ball
2-2: Ball
3-2: Strikes out looking
Batting: LHB Jerold Johnston 0-0: Hit by Pitch
Lee Pruitt to second
Batting: LHB Matt Nokes 0-0: Ground out 4-3 (Groundball, P, EV 87.5 MPH)
Lee Pruitt to third
Jerold Johnston to second
Batting: RHB Archie Amerson 0-0: Fly out, F6 (Line Drive, 6, EV 64.4 MPH)
Bottom of the 4th over - 0 runs, 0 hits, 0 errors, 2 left on base; Dallas-Fort Worth 1 - San Antonio 1
TOP OF THE 5TH
Dallas-Fort Worth Rangers batting - Pitching for San Antonio Missions : RHP Carlos Gil
Batting: LHB Stan Levi 0-0: Ball
1-0: Ground out 6-3 (Groundball, 6M, EV 80.0 MPH)
Batting: SHB Eski Viltz 0-0: Called Strike
0-1: Swinging Strike
0-2: Strikes out looking
Batting: RHB Terry Lee 0-0: Ball
1-0: Ball
2-0: Ball
3-0: Called Strike
3-1: Foul Ball, location: 2F
3-2: Foul Ball, location: 2F
3-2: Strikes out swinging
Top of the 5th over - 0 runs, 0 hits, 0 errors, 0 left on base; Dallas-Fort Worth 1 - San Antonio 1
BOTTOM OF THE 5TH
San Antonio Missions batting - Pitching for Dallas-Fort Worth Rangers : RHP Toru Hamaura
Batting: RHB Ivan Calderon 0-0: Foul Ball, location: 2F
0-1: Ball
1-1: Ball
2-1: Fly out, F1 (Line Drive, P, EV 64.4 MPH)
Batting: RHB Amos Lewis 0-0: Ball
1-0: Ball
2-0: Foul Ball, location: 2F
2-1: Ball
3-1: Base on Balls
Batting: RHB Ed Hearn 0-0: Ball
1-0: Foul Ball, location: 2F
1-1: Fly out, F9 (Line Drive, 9, EV 95.0 MPH)
Batting: RHB Larry Hamilton 0-0: Swinging Strike
0-1: Foul Ball, location: 2F
0-2: Strikes out looking
Bottom of the 5th over - 0 runs, 0 hits, 0 errors, 1 left on base; Dallas-Fort Worth 1 - San Antonio 1
TOP OF THE 6TH
Dallas-Fort Worth Rangers batting - Pitching for San Antonio Missions : RHP Carlos Gil
Batting: LHB Sid Bream 0-0: Ball
1-0: Foul Ball, location: 2F
1-1: Ball
2-1: Foul Ball, location: 2F
2-2: Foul Ball, location: 2F
2-2: Ball
3-2: Base on Balls
Batting: RHB Dave Aponte 0-0: Called Strike
0-1: Ball
1-1: Ball
2-1: Ball
3-1: Grounds into double play, 4-6-3 (Groundball, 4, EV 88.1 MPH)
Batting: LHB Garcia Gutierrez 0-0: Ball
1-0: Foul Ball, location: 2F
1-1: Ball
2-1: Swinging Strike
2-2: Foul Ball, location: 2F
2-2: Ball
3-2: Ground out 4-3 (Groundball, 4, EV 87.5 MPH)
Top of the 6th over - 0 runs, 0 hits, 0 errors, 0 left on base; Dallas-Fort Worth 1 - San Antonio 1
BOTTOM OF THE 6TH
San Antonio Missions batting - Pitching for Dallas-Fort Worth Rangers : RHP Toru Hamaura
Batting: LHB Lee Pruitt 0-0: Ball
1-0: Called Strike
1-1: Ball
2-1: Ball
3-1: Base on Balls
Batting: RHB Jack Clark 0-0: Called Strike
0-1: Foul Ball, location: 2F
0-2: Strikes out swinging
Batting: LHB Jerold Johnston 0-0: Ball
1-0: Foul Ball, location: 2F
1-1: Ball
2-1: Swinging Strike
2-2: Strikes out swinging
Batting: LHB Matt Nokes 0-0: Called Strike
0-1: Called Strike
0-2: Fielders Choice at 2nd, 6-4 (Groundball, 6, EV 98.1 MPH)
Bottom of the 6th over - 0 runs, 0 hits, 0 errors, 1 left on base; Dallas-Fort Worth 1 - San Antonio 1
TOP OF THE 7TH
Dallas-Fort Worth Rangers batting - Pitching for San Antonio Missions : RHP Carlos Gil
Pitching: RHP John Leavitt
Batting: LHB Mo Ching 0-0: Ball
1-0: Ball
2-0: Swinging Strike
2-1: Ball
3-1: Base on Balls
Batting: LHB Daryl Fazzio 0-0: Called Strike
0-1: Ball
1-1: Foul Ball, location: 2F
1-2: Grounds into double play, 6-4-3 (Groundball, 6M, EV 105.6 MPH)
Batting: RHB Ross Jones 0-0: Called Strike
0-1: Foul Ball, location: 2F
0-2: Ball
1-2: Ball
2-2: Ball
3-2: Ground out U3 (Groundball, 34, EV 86.3 MPH)
Top of the 7th over - 0 runs, 0 hits, 0 errors, 0 left on base; Dallas-Fort Worth 1 - San Antonio 1
BOTTOM OF THE 7TH
San Antonio Missions batting - Pitching for Dallas-Fort Worth Rangers : RHP Toru Hamaura
Batting: RHB Archie Amerson 0-0: Fly out, F9 (Flyball, 9LM, EV 91.9 MPH)
Batting: RHB Ivan Calderon 0-0: SINGLE (Groundball, 6MD, EV 104.4 MPH)
Batting: RHB Amos Lewis 0-0: Ball
1-0: Called Strike
1-1: Ball
2-1: Foul Ball, location: 2F
2-2: Ball
3-2: Fly out, F8 (Flyball, 8LD, EV 93.8 MPH)
Batting: RHB Ed Hearn 0-0: Called Strike
Ivan Calderon is caught stealing 2nd base 2-4
Bottom of the 7th over - 0 runs, 1 hit, 0 errors, 0 left on base; Dallas-Fort Worth 1 - San Antonio 1
TOP OF THE 8TH
Dallas-Fort Worth Rangers batting - Pitching for San Antonio Missions : RHP John Leavitt
Batting: LHB Stan Levi 0-0: Foul Ball, location: 2F
0-1: Swinging Strike
0-2: Ball
1-2: Fly out, F9 (Flyball, 9LD, EV 99.4 MPH)
Batting: SHB Eski Viltz 0-0: Ball
1-0: SINGLE (Line Drive, 8RS, EV 107.5 MPH)
Batting: RHB Terry Lee 0-0: Ball
1-0: Swinging Strike
1-1: Ball
2-1: Foul Ball, location: 2F
2-2: Strikes out swinging
Batting: LHB Sid Bream 0-0: Called Strike
0-1: Ball
1-1: Ball
2-1: SINGLE (Line Drive, 78S, EV 95.0 MPH)
Eski Viltz to second
Batting: RHB Dave Aponte 0-0: Ball
1-0: Foul Ball, location: 2F
1-1: Ball
2-1: Foul Ball, location: 2F
2-2: Ball
3-2: Base on Balls
Eski Viltz to third
Sid Bream to second
Batting: LHB Garcia Gutierrez 0-0: Ground out 5-3 (Groundball, 25, EV 81.3 MPH)
Top of the 8th over - 0 runs, 2 hits, 0 errors, 3 left on base; Dallas-Fort Worth 1 - San Antonio 1
BOTTOM OF THE 8TH
San Antonio Missions batting - Pitching for Dallas-Fort Worth Rangers : RHP Toru Hamaura
Batting: RHB Ed Hearn 0-0: Ball
1-0: Ball
2-0: Ball
3-0: Called Strike
3-1: Base on Balls
Pinch Runner at 1st Jose Moreno:
Batting: RHB Larry Hamilton 0-0: Ball
1-0: Swinging Strike
1-1: Ball
2-1: Ball
3-1: Foul Ball, location: 2F
3-2: Fly out, F8 (Flyball, 8LD, EV 104.4 MPH)
Batting: LHB Lee Pruitt 0-0: Foul Ball, location: 2F
0-1: Ball
1-1: Ball
2-1: Ball
3-1: Called Strike
3-2: 2-RUN HOME RUN (Flyball, 9LD, EV 88.8 MPH), Distance : 356 ft
Batting: RHB Jack Clark 0-0: Ball
1-0: Foul Ball, location: 2F
1-1: Ball
2-1: Swinging Strike
2-2: Ball
3-2: Foul Ball, location: 2F
3-2: Fly out, F8 (Flyball, 8RD, EV 91.9 MPH)
Batting: LHB Jerold Johnston 0-0: Foul Ball, location: 2F
0-1: Ball
1-1: Called Strike
1-2: Foul Ball, location: 2F
1-2: Ball
2-2: Fly out, F8 (Line Drive, 8RD, EV 91.3 MPH)
Bottom of the 8th over - 2 runs, 1 hit, 0 errors, 0 left on base; Dallas-Fort Worth 1 - San Antonio 3
TOP OF THE 9TH
Dallas-Fort Worth Rangers batting - Pitching for San Antonio Missions : RHP John Leavitt
Pitching: RHP James Herring
Now at 2B: Jose Moreno
Batting: LHB Mo Ching 0-0: Ball
1-0: Called Strike
1-1: Ball
2-1: Ball
3-1: Foul Ball, location: 2F
3-2: Ground out U3 (Groundball, 3, EV 109.4 MPH)
Batting: LHB Daryl Fazzio 0-0: Ball
1-0: Ball
2-0: Swinging Strike
2-1: Ball
3-1: Ground out 6-3 (Groundball, P, EV 93.1 MPH)
Batting: RHB Ross Jones 0-0: Called Strike
0-1: Ball
1-1: Ball
2-1: Ball
3-1: TRIPLE (Line Drive, 8RD, EV 108.8 MPH)
Batting: LHB Stan Levi 0-0: Foul Ball, location: 2F
0-1: Called Strike
0-2: Ball
1-2: Ground out 4-3 (Groundball, 4M, EV 76.3 MPH)
Top of the 9th over - 0 runs, 1 hit, 0 errors, 1 left on base; Dallas-Fort Worth 1 - San Antonio 3
Wednesday, August 12th, 2020 - OOTP Baseball 21.5 Build 76